 Dungeon Crawl Stone Soup version 0.30-a0-777-ga9a30cbeda (webtiles) character file.

Game seed: 17523950784477340230

20608 cforsyth the Convoker (level 12, -8/59 HPs)
             Began as a Tengu Summoner on Feb 13, 2023.
             Was an Initiate of Gozag.
             Engulfed by their own flame (17 damage)
             ... in an ice cave on Feb 14, 2023.
             The game lasted 00:50:28 (20420 turns).

cforsyth the Convoker (Tengu Summoner)             Turns: 20420, Time: 00:50:28

Health: -8/59      AC:  7    Str: 10    XL:     12   Next: 81%
Magic:  28/30      EV: 13    Int: 25    God:    Gozag
Gold:   1194       SH:  0    Dex: 10    Spells: 25/38 levels left

rFire   . . .      SeeInvis +    E - +8 arbalest "Sarcophage" {penet, Int+6 Dex-5}
rCold   . . .      Faith    .    (shield currently unavailable)
rNeg    . . .      Spirit   .    y - +1 troll leather armour
rPois   +          Reflect  .    (helmet restricted)
rElec   .          Harm     .    (no cloak)
rCorr   .          Rampage  .    u - +1 pair of gloves {infuse}
Will    .....                    (boots unavailable)
Stlth   +                        (no amulet)
HPRegen 1.09/turn                A - ring of see invisible
MPRegen 0.22/turn                j - ring of poison resistance

@: flying quickly and evasively, quick
A: beak, talons 3, nimble flight
a: Renounce Religion, Potion Petition, Call Merchant, Bribe Branch


You were in an ice cave.
You worshipped Gozag.
Gozag was most pleased with you.
You visited 3 branches of the dungeon, and saw 16 of its levels.
You also visited: Sewer and Ice Cave.

You collected 2782 gold pieces.
You paid 1588 gold pieces to Gozag.

Inventory:

Hand Weapons
 E - the +8 arbalest "Sarcophage" (weapon) {penet, Int+6 Dex-5}
   (You found it on level 7 of the Dungeon)

   Int:       It affects your intelligence (+6).
   Dex:       It affects your dexterity (-5).
Missiles
 k - 5 throwing nets
Armour
 a - a +0 robe
 u - a +1 pair of gloves of infusion (worn)
 y - a +1 troll leather armour (worn)
Jewellery
 j - a ring of poison resistance (right hand)
 o - a +6 ring of strength
 A - a ring of see invisible (left hand)
 B - a ring of positive energy
 F - a +5 ring of evasion
 J - a +4 ring of protection
Wands
 x - a wand of iceblast (16)
 G - a wand of flame (2)
 I - a wand of paralysis (3)
Scrolls
 c - 2 scrolls of vulnerability
 f - 2 scrolls of immolation
 m - 10 scrolls of teleportation
 n - 2 scrolls of amnesia
 r - a scroll of fear
 v - 2 scrolls of poison
 w - 2 scrolls of identify
 C - a scroll of brand weapon
 H - a scroll of enchant armour
Potions
 b - 4 potions of magic
 d - a potion of haste
 e - a potion of invisibility
 g - 5 potions of heal wounds
 h - 7 potions of might
 i - 2 potions of lignification
 l - 5 potions of brilliance
 q - 2 potions of berserk rage
 s - 7 potions of ambrosia
 t - 2 potions of cancellation
 z - 11 potions of curing
 D - a potion of mutation


   Skills:
 - Level 2.1 Dodging
 - Level 2.0 Stealth
 + Level 13.7 Spellcasting
 + Level 17.8 Summonings


You had 25 spell levels left.
You knew the following spells:

 Your Spells              Type           Power      Damage    Failure   Level
a - Summon Small Mammal   Summ           100%       N/A       0%          1
b - Call Imp              Summ           82%        N/A       0%          2
c - Call Canine Familiar  Summ           82%        N/A       0%          3
d - Summon Guardian Gole  Hex/Summ       58%        N/A       1%          3
e - Summon Lightning Spi  Summ/Air       58%        N/A       1%          4

Your spell library contained the following spells:

 Spells                   Type           Power      Damage    Failure   Level
 Foxfire                  Conj/Fire      68%        2x1d7     4%          1
 Inner Flame              Hex/Fire       17%        N/A       14%         3
 Portal Projectile        Hex/Tloc       34%        N/A       14%         3
 Flame Wave               Conj/Fire      17%        2d7       41%         4
 Leda's Liquefaction      Hex/Erth       8%         N/A       41%         4
 Sticky Flame             Conj/Fire      17%        2d4       41%         4
 Spellforged Servitor     Conj/Summ      29%        N/A       69%         7
 Fireball                 Conj/Fire      8%         3d6       77%         5
 Starburst                Conj/Fire      8%         6d4       100%        6
 Orb of Destruction       Conj           8%         9d6       100%        7
 Borgnjor's Revivificati  Necr           8%         N/A       100%        8
 Necromutation            Tmut/Necr      8%         N/A       100%        8
 Death's Door             Necr           8%         N/A       100%        9


Dungeon Overview and Level Annotations

Branches:
Dungeon (12/15)            Temple (1/1) D:4            Lair (3/5) D:10
  Swamp (0/4) Lair:3       Spider (0/4) Lair:3          Orc (0/2) D:10
  Sewer (visited)           IceCv (1/1)

Altars:
Ashenzari
Cheibriados
Dithmenos
Elyvilon
Fedhas
Gozag
Hepliaklqana
Kikubaaqudgha
Makhleb
Nemelex Xobeh
Okawaru
Qazlal
Ru
Sif Muna
Trog
Uskayaw
Vehumet
Wu Jian
Xom
Yredelemnul
The Shining One

Shops:
D:5 :   D:10 (   Lair:1 :=

Annotations:
D:10 2 runed translucent doors, lambentLogic's ghost, novice KoEn
Temple 2 transporters IceCv exclusion: 2 ice statues


Innate Abilities, Weirdness & Mutations

You have a beak for a mouth.
You have claws for feet.
Your magical nature lets you fly swiftly and evasively.


Message History

Your guardian golem is engulfed in blazing flames.
Flame seeps out of your guardian golem.
The acid dragon simulacrum bites your guardian golem.
Flame seeps out of your guardian golem.
The acid dragon simulacrum freezes your guardian golem.
Your guardian golem resists.
Flame seeps out of your guardian golem.
The acid dragon simulacrum claws your guardian golem but does no damage.
Your guardian golem is engulfed in freezing vapours.
Your guardian golem is engulfed in freezing vapours.
The acid dragon simulacrum bites your guardian golem but does no damage.
The acid dragon simulacrum claws your guardian golem but does no damage.
Your warg bites the acid dragon simulacrum!
Your guardian golem is engulfed in freezing vapours.
Your guardian golem disappears in a puff of smoke!
Your guardian golem explodes!
You hear a sizzling sound!
The fiery explosion engulfs the acid dragon simulacrum!!!
The acid dragon simulacrum melts!
The acid dragon simulacrum vaporises!
The fiery explosion engulfs your warg!!
Your warg is engulfed in blazing flames. x2
Your warg dies!
Your warg's corpse disappears in a puff of smoke!
Your lightning spire disappears in a puff of smoke!
You now have 1189 gold pieces (gained 5).
You now have 1194 gold pieces (gained 5). 2 ice statues come into view.
The ice statue gestures at you. The bolt of cold hits you!!!
Ouch! That really hurt!
The ice statue gestures at you. The freezing blast engulfs you!
* * * LOW HITPOINT WARNING * * *
Marking area around 2 ice statues as unsafe for travelling.
Unknown command.
Really fly into that cloud of flame?
You are engulfed in blazing flames.
You die...
Your body crumbles into a pile of gold.

### ##..# ##....#
#......## ........## ####
.....§§.8 #### ##..##
......§☼####..#####....##
......☼☼§##....##.......#
......§☼@.§.#.......∩.∩.#
.....§.....###..........#
.........### ##..##....##
........## ######..##
#.......8 #### #.......#
##.....## #.....


There were no monsters in sight!

Vanquished Creatures
  A two-headed ogre (D:9)
  An ice statue (D:9)
  A yak (D:10)
  A wolf (Lair:1)
  A centaur (D:8)
  A kobold brigand (D:9)
  2 gnoll sergeants
  2 bullfrogs
  A scorpion (Lair:2)
  An electric eel (Lair:3)
  2 orc wizards
  A gnoll (D:9)
  A shadow imp (D:8)
  4 orcs
  A jackal (Sewer)
  9 kobolds
  A quokka (D:1)
  A bat (D:3)
  A rat (D:1)
33 creatures vanquished.

Vanquished Creatures (collateral kills)
  A centaur warrior (D:11)
  A boulder beetle (D:12)
  A two-headed ogre (D:12)
  2 cyclopes (D:12)
  A manticore (D:12)
  An elephant (D:10)
  2 slime creatures (D:12)
  5 cane toads
  A rime drake (IceCv)
  4 komodo dragons
  A kobold demonologist (D:9)
  3 trolls
  3 meliai (D:12)
  3 wyverns
  3 wraiths
  10 yaks
  A basilisk (Lair:2)
  3 steam dragons
  4 water moccasins
  An acid dragon (D:12)
  Duvessa (D:5)
  3 sky beasts (D:7)
  2 black bears
  2 ogres
  7 wolves
  4 centaurs
  A phantom (D:6)
  4 kobold brigands
  8 bullfrogs
  3 scorpions
  Dowan (D:5)
  14 killer bees
  An electric eel (Lair:2)
  A jelly (D:6)
  6 hounds
  3 komodo dragon simulacra (IceCv)
  2 orc priests
  Ijyb (D:5)
  6 iguanas
  9 orc wizards
  Robin (D:3)
  11 adders
  13 gnolls
  7 river rats
  A shadow imp (D:6)
  2 white imps
  2 ufetubi
  A steam dragon simulacrum (IceCv)
  A worm (D:4)
  2 dart slugs
  34 orcs
  5 endoplasms
  5 giant cockroaches
  14 goblins
  3 hobgoblins
  2 jackals (Sewer)
  4 quokkas (D:3)
  7 ball pythons
  3 bats
  3 frilled lizards
  24 kobolds
  6 rats
281 creatures vanquished.

Vanquished Creatures (others)
  A black mamba (Lair:2)
  A cane toad (Lair:1)
  Maggie (D:9)
  A troll (D:10)
  A queen bee (D:12)
  A slime creature (D:12)
  3 yaks (Lair:2)
  A basilisk (D:10)
  A water moccasin (D:6)
  An orc warrior (D:4)
  An ogre (D:6)
  3 wolves (Lair:1)
  A gnoll sergeant (D:11)
  6 killer bees
  A komodo dragon simulacrum (IceCv)
  2 gnolls (D:9)
  An acid dragon simulacrum (IceCv)
  An adder (D:6)
  10 fungi
  37 plants
75 creatures vanquished.

Grand Total: 389 creatures vanquished

Notes
Turn   | Place    | Note
-------+----------+-------------------------------------------
     0 | D:1      | cforsyth the Tengu Summoner began the quest for the Orb.
     0 | D:1      | Reached XP level 1. HP: 10/10 MP: 4/4
   147 | D:1      | Noticed a shining eye
   149 | D:1      | Found a faded altar of an unknown god.
   151 | D:1      | Noticed a floating eye
   202 | D:1      | Noticed an eye of devastation
   213 | D:1      | Noticed an eye of devastation
   255 | D:1      | Reached skill level 5 in Summonings
   295 | D:1      | Reached XP level 2. HP: 15/15 MP: 3/6
   298 | D:1      | Learned a level 2 spell: Call Imp
  1555 | D:2      | Reached XP level 3. HP: 19/19 MP: 3/7
  1907 | D:2      | Learned a level 3 spell: Call Canine Familiar
  2316 | D:3      | Found an ornate altar of the Wu Jian Council.
  2478 | D:3      | Noticed Robin
  2593 | D:3      | Reached XP level 4. HP: 24/24 MP: 9/9
  2615 | D:3      | Found a glowing drain.
  2640 | Sewer    | Entered a sewer
  2690 | Sewer    | Reached skill level 6 in Summonings
  2736 | Sewer    | Learned a level 3 spell: Summon Guardian Golem
  2968 | Sewer    | Gained mutation: Your magical nature lets you fly swiftly
                  | and evasively. [Tengu growth]
  2968 | Sewer    | Reached XP level 5. HP: 19/28 MP: 11/11
  4116 | D:3      | Found a hazy altar of Hepliaklqana.
  4467 | D:3      | Killed Robin
  4613 | D:4      | Reached XP level 6. HP: 29/32 MP: 8/13
  4619 | D:4      | Learned a level 4 spell: Summon Lightning Spire
  4708 | D:4      | Reached skill level 7 in Summonings
  4924 | D:4      | Noticed an orc warrior
  4987 | D:4      | Killed an orc warrior
  5607 | D:4      | Found a staircase to the Ecumenical Temple.
  5758 | Temple   | Entered the Ecumenical Temple
  5758 | Temple   | Found a transporter.
  5758 | Temple   | Found a transporter.
  5760 | Temple   | Found a transporter.
  5760 | Temple   | Found a transporter.
  5776 | Temple   | Became a worshipper of Gozag Ym Sagoz the Greedy
  5857 | D:5      | Entered Level 5 of the Dungeon
  5857 | D:5      | Noticed Dowan
  5887 | D:5      | Noticed Duvessa
  6019 | D:5      | Killed Dowan
  6020 | D:5      | Reached skill level 5 in Spellcasting
  6020 | D:5      | Reached XP level 7. HP: 36/36 MP: 15/15
  6042 | D:5      | Reached skill level 8 in Summonings
  6049 | D:5      | Noticed Ijyb
  6058 | D:5      | Killed Duvessa
  6073 | D:5      | Killed Ijyb
  6377 | D:5      | Reached XP level 8. HP: 41/41 MP: 11/18
  6494 | D:5      | Reached skill level 9 in Summonings
  6603 | D:5      | Found Xikeorgh's Book Shop.
  7243 | D:6      | Reached skill level 10 in Summonings
  7745 | D:6      | Reached XP level 9. HP: 45/45 MP: 18/21
  9129 | D:7      | Reached skill level 11 in Summonings
  9362 | D:7      | Identified the +8 arbalest "Sarcophage" {penet, Int+6
                  | Dex-5}
  9876 | D:7      | Reached skill level 12 in Summonings
 10214 | D:8      | Reached XP level 10. HP: 37/50 MP: 20/24
 10791 | D:8      | Identified the +9 falchion of the Sun {flame, rN+ SInv}
 10922 | D:8      | Noticed a catoblepas
 10923 | D:8      | Noticed a catoblepas
 11428 | D:9      | Noticed Maggie
 11438 | D:9      | Killed Maggie
 11439 | D:9      | Reached skill level 13 in Summonings
 11579 | D:9      | Noticed a kobold demonologist
 11593 | D:9      | Killed a kobold demonologist
 11823 | D:9      | Noticed a two-headed ogre
 11832 | D:9      | Killed a two-headed ogre
 11833 | D:9      | Reached skill level 10 in Spellcasting
 12046 | D:9      | Found a bloodstained altar of Trog.
 12171 | D:9      | Noticed an ice statue
 12194 | D:9      | HP: 2/50 [ice beast[an ice statue] (14)]
 12248 | D:9      | HP: 2/50 [ice statue] (22)]
 12380 | D:9      | Killed an ice statue
 12598 | D:9      | Identified the +4 scale mail "Figy" {*Corrode Regen+ Int+3
                  | Slay+3}
 13228 | D:10     | Entered Level 10 of the Dungeon
 13335 | D:10     | Found a staircase to the Lair.
 13338 | D:10     | Noticed an elephant
 13346 | D:10     | Killed an elephant
 13347 | D:10     | Reached skill level 14 in Summonings
 13625 | D:10     | Reached XP level 11. HP: 54/54 MP: 15/26
 13723 | D:10     | Found a staircase to the Orcish Mines.
 13893 | D:10     | Found a runed translucent door.
 13897 | D:10     | Found a runed translucent door.
 13898 | D:10     | Noticed a skeletal warrior
 13898 | D:10     | Noticed a boulder beetle
 13898 | D:10     | Noticed a deep elf knight
 13898 | D:10     | Noticed a necromancer
 13898 | D:10     | Noticed a lich
 14220 | D:10     | Found Vidgh's Weapon Shop.
 14493 | D:10     | Noticed lambentLogic's ghost (novice KoEn)
 14586 | D:10     | Noticed a swamp dragon
 14649 | D:11     | Noticed a centaur warrior
 14662 | D:11     | Killed a centaur warrior
 14663 | D:11     | Reached skill level 15 in Summonings
 15563 | D:12     | Noticed a cyclops
 15575 | D:12     | Killed a cyclops
 15706 | D:12     | Noticed a cyclops
 15726 | D:12     | Killed a cyclops
 15853 | D:12     | Reached skill level 16 in Summonings
 16590 | D:12     | Noticed a two-headed ogre
 16599 | D:12     | Killed a two-headed ogre
 16600 | D:12     | Reached XP level 12. HP: 59/59 MP: 19/29
 16919 | D:12     | Paralysed by an orc wizard for 3 turns
 17225 | D:12     | Noticed a boulder beetle
 17294 | D:12     | Killed a boulder beetle
 17531 | Lair:1   | Entered Level 1 of the Lair of Beasts
 18288 | Lair:1   | Reached skill level 17 in Summonings
 19368 | Lair:2   | Identified the +4 mace "Plog" {freeze, rC+ Will- Str+3}
 20270 | Lair:3   | Found a frozen archway.
 20290 | IceCv    | Entered an ice cave
 20420 | IceCv    | Engulfed by their own flame

Illustrated notes

Levels and vault maps discovered:
D:1:      lemuel_arrival_behind_the_door_small, layout_basic,
          hellmonk_ecumenical_altar_watching_god
D:2:      layout_loops_ring, chequers_arboretum, minmay_tromino_v4_b
D:3:      layout_loops_cross, mainiacjoe_overflow_six_doors_small,
          nicolae_hepliaklqana_hazy_memory, gup_sewer_entry_spiral,
          minmay_misc_feat_encased, grunt_ministairs_2, uniq_robin
D:4:      minmay_skewed_foursquare, layout_basic, temple_green
D:5:      layout_cave_pools, serial_shops, shop, chequers_serial_rivers_small_3,
          uniq_ijyb, uniq_duvessa
D:6:      layout_layer_cave
D:7:      layout_basic, minmay_puff
D:8:      layout_layer_cave, lightli_corner_chamber
D:9:      lemuel_ice_statue, layout_layer_cave, trog_book, uniq_maggie
D:10:     layout_loops_ring, david_lair_generic, orc_0_dummy, serial_shops,
          nicolae_diamond_shop, muffindrake_ghost_dual_entry
D:11:     layout_small_grid
D:12:     layout_gridville, minivault_7
Temple:   hellmonk_temple_divided_pantheon
Lair:1:   layout_cave_pods, lemuel_fruit_tree, grunt_megastairs_1
Lair:2:   layout_gridlike, serial_bayou_shore_a
Lair:3:   statuecave_lemuel, layout_gridlike, minmay_swamp_entry_worms,
          spider_nest_entry_webs, portal_ice_cave_entry_pillars_1,
          grunt_megastairs_3, serial_bayou_shore_b, lemuel_fruit_fields,
          infiniplex_staircase_pool_2
IceCv:    ice_cave_small_dragons

Skill      XL: |  1  2  3  4  5  6  7  8  9 10 11 12 |
---------------+-------------------------------------+-----
Summonings     | 5 6 7 8 10 12 14 16 17 | 17.8
Spellcasting   | 3 4 5 6 7 9 10 12 13 | 13.7
Dodging        | |  2.1
Stealth        | |  2.0

Action                     |  1- 3 |  4- 6 |  7- 9 | 10-12 || total
---------------------------+-------+-------+-------+-------++-------
  Melee: Unarmed           |     8 |    10 |       |       ||    18
         Kick              |     4 |     3 |       |       ||     7
         Peck              |     1 |     4 |       |       ||     5
   Fire: Arbalest          |       |       |    28 |    95 ||   123
   Cast: Summon Small Mamm |    46 |    46 |    46 |    35 ||   173
         Call Imp          |    12 |    23 |    17 |    26 ||    78
         Call Canine Famil |     6 |    25 |    24 |    62 ||   117
         Summon Guardian G |       |     3 |    10 |    63 ||    76
         Summon Lightning  |       |       |     4 |    53 ||    57
 Invoke: Call Merchant     |       |       |       |     2 ||     2
    Use: Potion            |     2 |       |       |     1 ||     3
         Scroll            |     1 |     5 |     4 |    15 ||    25
   Stab: Sleeping          |     1 |       |       |       ||     1
 Armour: Robe              |     6 |     4 |     1 |       ||    11
         Troll leather arm |       |       |     4 |    38 ||    42
  Dodge: Dodged            |    32 |    36 |    28 |   107 ||   203

Table legend: (Time is in decaauts)
 A = Elapsed time spent in this place.
 B = Non-inter-level travel time spent in this place.
 C = Inter-level travel time spent in this place.
 D = Time resting spent in this place.
 E = Time spent auto-exploring this place.
 F = Levels seen in this place.
 G = Mean time per level.
                   A        B        C        D        E       F      G
               +--------+--------+--------+--------+--------+-----+--------+
         Total |  19517 |  19006 |    511 |   1771 |  13396 |  18 | 1084.3 |
       Dungeon |  15513 |  15073 |    440 |   1426 |  10502 |  12 | 1292.8 |
        Temple |     37 |     28 |      9 |      0 |      0 |   1 |   37.0 |
          Lair |   2600 |   2539 |     61 |    175 |   2013 |   3 |  866.7 |
         Sewer |   1239 |   1239 |      0 |    162 |    805 |   1 | 1239.0 |
      Ice Cave |    127 |    127 |      0 |      8 |     75 |   1 |  127.0 |
               +--------+--------+--------+--------+--------+-----+--------+

Top non-repeatable levels by time:
    D:12: 2026 daAuts
     D:9: 1832 daAuts
     D:6: 1614 daAuts
     D:7: 1407 daAuts
     D:4: 1355 daAuts
  Lair:1: 1346 daAuts
    D:10: 1310 daAuts
   Sewer: 1239 daAuts
  Lair:2: 1189 daAuts
     D:1: 1170 daAuts
     D:2: 1113 daAuts
     D:8: 1110 daAuts
     D:3: 969 daAuts
     D:5: 841 daAuts
    D:11: 761 daAuts
